AoeStats
← [GG] Shevchenko 7

Arena

508580709Analyzed
1v1 RM · 10d ago on Sep 23, 2026· 44m 8s· 2 players
Game mode
Random Map
Map size
Tiny (2 player)
Population
200
Speed
Normal
Resources
Standard
Victory
Conquest
Starting age
Dark Age
Ending age
Imperial Age
RankedLock teamsTeams togetherTeam positionsShared explorationLock speedFull tech treeHidden civsTurbo modeCheats
Victory
Defeat
🇨🇳 Spanish · China
1207
+13
🇧🇷 Portuguese · Brazil
1149
-13
[GG] Shevchenko 7
10:19 Feudal Age
9:14 Loom
14:21 Castle Age
13:20 Double-Bit Axe
21:00 Fervor
30:09 Imperial Age
30:18 Padded Archer Armor
30:09 Fletching
33:55 Wheelbarrow
35:34 Hand Cart
44:48 Chemistry
44:08 Ballistics
43:52 Gold Mining
宁波老菜鸟
9:39 Feudal Age
13:39 Loom
16:19 Castle Age
14:45 Double-Bit Axe
15:17 Horse Collar
17:22 Bow Saw
21:53 Padded Archer Armor
23:00 Town Watch
23:57 Leather Archer Armor
24:33 Gold Mining
27:30 Bloodlines
28:26 Heavy Plow
28:40 Husbandry
35:39 Imperial Age
33:39 Scale Barding Armor
33:54 Forging
34:59 Chain Barding Armor
36:31 Cavalier
38:20 Fletching
39:27 Plate Barding Armor
40:58 Iron Casting
Connection lost

Rejoining the realm…

Still unreachable

The connection could not be restored.

Session expired

The server has moved on; the page needs a fresh start.